 Dungeon Crawl Stone Soup version 0.22-a0-322-g60b3cfd (webtiles) character file.

100 Kairos the Firebug (level 5, 0/35 HPs)
             Began as a Human Fire Elementalist on Apr 4, 2018.
             Slain by an ogre
             ... wielding a +0 giant spiked club
              (11 damage)
             ... on level 3 of the Dungeon.
             The game lasted 00:07:19 (2375 turns).

Kairos the Firebug (Human Fire Elementalist)        Turns: 2375, Time: 00:07:20

Health: 0/35       AC:  2    Str:  8    XL:     5   Next: 3%
Magic:  6/17       EV: 12    Int: 16    God:
Gold:   177        SH:  0    Dex: 14    Spells: 5/8 levels left

rFire    . . .     SeeInvis .   g - +0 whip
rCold    . . .     Gourm    .   (no shield)
rNeg     . . .     Faith    .   a - +0 robe
rPois    .         Spirit   .   (no helmet)
rElec    .         Reflect  .   (no cloak)
rCorr    .         Harm     .   (no gloves)
MR       .....                  (no boots)
Stlth    +++.......             (no amulet)
HPRegen  0.11/turn              h - ring of stealth
MPRegen  0.15/turn              p - ring of magical power

@: very slightly contaminated, drained
A: no striking features
a: no special abilities


You were on level 3 of the Dungeon.
You were very hungry.

You visited 1 branch of the dungeon, and saw 3 of its levels.

You collected 177 gold pieces.

Inventory:

Hand Weapons
 g - a +0 whip (weapon)
 k - a +3 short sword
Armour
 a - a +0 robe (worn)
Jewellery
 h - a ring of stealth (left hand)
 p - a ring of magical power (right hand)
Scrolls
 b - a scroll of fear {unknown}
 d - a scroll of teleportation {unknown}
 f - 4 scrolls of identify {unknown}
 i - 7 scrolls of remove curse {unknown}
 m - 2 scrolls of noise {unknown}
Potions
 e - 4 potions of curing {unknown}
 j - a potion of heal wounds {unknown}
 l - a potion of might {unknown}
 n - a potion of resistance {unknown}
Comestibles
 c - 3 rations


   Skills:
 + Level 0.4(0.0) Maces & Flails
 + Level 2.2(1.1) Dodging
 + Level 2.6(1.5) Stealth
 + Level 2.4(1.3) Spellcasting
 + Level 1.9(0.8) Conjurations
 + Level 4.1(3.0) Fire Magic


You had 5 spell levels left.
You knew the following spells:

 Your Spells              Type           Power        Failure   Level  Hunger
a - Flame Tongue          Conj/Fire      #....        10%         1    ##.....
b - Throw Flame           Conj/Fire      #.....       16%         2    ###....


Dungeon Overview and Level Annotations

Branches:
Dungeon (3/15)

Altars:

Annotations:
D:3 1 runed door, Vajrapani's ghost, amateur OpWn


Message History

Confirm with . or Enter, or press ? or * to list all spells.
Aiming: Throw Flame (safe; 16% risk of failure)
Press: ? - help, Shift-Dir - straight line, f/p - ogre
Aim: an ogre, wielding a giant spiked club (moderately wounded)
The puff of flame hits the ogre.
The ogre is severely wounded.
You are feeling very hungry.
Casting: Throw Flame (safe; 16% risk of failure)
Confirm with . or Enter, or press ? or * to list all spells.
Aiming: Throw Flame (safe; 16% risk of failure)
Press: ? - help, Shift-Dir - straight line, f/p - ogre
Aim: an ogre, wielding a giant spiked club (severely wounded)
The puff of flame hits the ogre.
The ogre is severely wounded.
The ogre hits you with a giant spiked club!!
Ouch! That really hurt!
You hit the ogre.
The ogre is almost dead.
The ogre hits you with a giant spiked club!
You die...

# ...... # .....## #
############ ...... #
#..<.......# ....### #
#...<......####....'..
#..........@..#....#..
#...).....O##.#.......
#.....................
#..........####.....##
#..........# ...#.#
#............. .#.#
########.........(..
#.......## ###
#....$....


You could see an ogre.

Vanquished Creatures
  3 adders
  An ooze (D:1)
  A worm (D:2)
  A dart slug (D:3)
  A leopard gecko (D:2)
  10 bats
  A giant cockroach (D:3)
  10 goblins
  15 hobgoblins
  6 kobolds
  2 frilled lizards (D:3)
  6 rats
57 creatures vanquished.

Notes
Turn   | Place    | Note
-------+----------+-------------------------------------------
     0 | D:1      | Kairos the Human Fire Elementalist began the quest for the Orb.
     0 | D:1      | Reached XP level 1. HP: 13/13 MP: 3/3
   144 | D:1      | Reached XP level 2. HP: 19/19 MP: 0/5
   367 | D:1      | Reached XP level 3. HP: 24/24 MP: 4/6
   603 | D:2      | Reached skill level 4 in Fire Magic
   674 | D:2      | Reached XP level 4. HP: 22/30 MP: 3/7
  1510 | D:3      | Noticed an ogre
  1701 | D:3      | Learned a level 2 spell: Throw Flame
  1719 | D:3      | Found a runed door.
  1795 | D:3      | Reached XP level 5. HP: 32/35 MP: 8/8
  1801 | D:3      | Noticed Vajrapani's ghost (amateur OpWn)
  2375 | D:3      | Slain by an ogre

Vault maps used:
D:1:      ncdulo_watergridlock
D:2:      cheibrodos_greedy_goblins, first_ration
D:3:      uniq_natasha, uniq_crazy_yiuf_cottage

Skill      XL: |  1  2  3 |
---------------+----------+-----
Fire Magic     | 4 |  4.1
Maces & Flails | |  0.4
Dodging        | |  2.2
Stealth        | |  2.6
Spellcasting   | |  2.4
Conjurations   | |  1.9

Action                   |  1- 3 |  4- 6 || total
-------------------------+-------+-------++-------
Melee: Unarmed           |     8 |       ||     8
       Short sword       |    10 |       ||    10
       Whip              |     6 |    29 ||    35
 Cast: Flame Tongue      |    33 |    42 ||    75
       Throw Flame       |       |     6 ||     6
  Eat: Chunk             |       |     5 ||     5
Armor: Robe              |    13 |     6 ||    19
Dodge: Dodged            |    24 |    25 ||    49

Table legend:
 A = Spawn XP
 B = Non-spawn XP
 C = Spawn XP percentage of total XP
 D = Spawn monster count
 E = Non-spawn monster count
 F = Spawn count percentage of total count
 G = Total turns spent on level
                    A         B        C        D         E        F      G
               +---------+---------+-------+---------+---------+-------+---------
         Total |       0 |     143 |   0.0 |       0 |      57 |   0.0 |  2375
               +---------+---------+-------+---------+---------+-------+---------
           D:1 |       0 |      33 |   0.0 |       0 |      16 |   0.0 |   395
           D:2 |       0 |      63 |   0.0 |       0 |      26 |   0.0 |  1604
           D:3 |       0 |      47 |   0.0 |       0 |      15 |   0.0 |   376
               +---------+---------+-------+---------+---------+-------+---------
